 Dungeon Crawl Stone Soup version 0.31.0-11-ge490571c62 (webtiles) character file.

Game seed: 8708178305594483478

375 hikkokomori the Magician (level 6, -7/36 HPs)
             Began as a Deep Elf Conjurer on Feb 3, 2024.
             Mangled by a wight
             ... wielding a +0 halberd
              (11 damage)
             ... on level 4 of the Dungeon.
             The game lasted 00:05:27 (2891 turns).

hikkokomori the Magician (Deep Elf Conjurer)        Turns: 2891, Time: 00:05:28

Health: -7/36      AC:  3    Str:  4    XL:     6   Next: 44%
Magic:  5/16       EV: 12    Int: 25    God:
Gold:   46         SH:  0    Dex: 13    Spells: 7/16 levels left

rFire   + . .        l - +0 rapier
rCold   . . .        (no shield)
rNeg    . . .        a - +0 robe
rPois   .            k - +0 helmet
rElec   .            (no cloak)
rCorr   .            (no gloves)
SInv    .            (no boots)
Will    .....        (no amulet)
Stlth   ++           h - ring of protection from fire
HPRegen 0.26/turn    (no ring)
MPRegen 0.15/turn

%: no passive effects
@: no status effects
A: no striking features
a: no special abilities


You were on level 4 of the Dungeon.
You visited 1 branch of the dungeon, and saw 4 of its levels.

You collected 74 gold pieces.
You spent 28 gold pieces at shops.

Inventory:

Hand Weapons
 d - a +0 dagger
 l - a +0 rapier (weapon)
Missiles
 t - 5 javelins
Armour
 a - a +0 robe (worn)
 k - a +0 helmet (worn)
 u - a +0 troll leather armour {Pargi}
Jewellery
 h - a ring of protection from fire (left hand)
Wands
 x - a wand of light (5)
 y - a wand of flame (17)
Scrolls
 f - a scroll of blinking {unknown}
 i - 2 scrolls of teleportation {unknown}
 j - a scroll of enchant armour {unknown}
 n - 2 scrolls of enchant weapon {unknown}
 o - a scroll of immolation {unknown}
 p - a scroll of noise {unknown}
 r - a scroll of identify
 w - a scroll of amnesia {unknown}
Potions
 b - a potion of magic
 c - 2 potions of might {unknown}
 e - 4 potions of lignification
 g - a potion of haste {unknown}
 m - a potion of brilliance {unknown}
 q - 2 potions of curing {unknown}
 s - 2 potions of attraction {unknown}
 v - a potion of berserk rage {unknown}
 z - a potion of enlightenment {unknown}
 A - a potion of mutation {unknown}


   Skills:
 + Level 2.8 Fighting
 - Level 2.4 Dodging
 - Level 2.4 Stealth
 + Level 5.5 Spellcasting
 - Level 5.3 Conjurations
 + Level 2.3 Necromancy
 + Level 2.1 Alchemy


You had 7 spell levels left.
You knew the following spells:

 Your Spells              Type           Power      Damage    Failure   Level
a - Magic Dart            Conj           100%       1d8       1%          1
b - Dispel Undead         Necr           18%        3d11      30%         4
c - Fulminant Prism       Conj/Alch      12%        3d9       17%         4

Your spell library contained the following spells:

 Spells                   Type           Power      Damage    Failure   Level
 Sting                    Conj/Alch      100%       1d9       1%          1
 Searing Ray              Conj           66%        2d6       1%          2
 Sublimation of Blood     Necr           18%        N/A       4%          2
 Mercury Vapours          Alch/Air       24%        N/A       8%          2
 Iskenderun's Mystic Bla  Conj/Tloc      20%        2d6       26%         4
 Olgreb's Toxic Radiance  Alch           17%        N/A       32%         4
 Anguish                  Hex/Necr       6%         N/A       43%         4
 Death Channel            Necr           9%         N/A       99%         6


Dungeon Overview and Level Annotations

Branches:
Dungeon (4/15)
 Temple: D:4-7

Altars:
Yredelemnul

Shops:
D:2 ?


Message History

The wight is moderately damaged.
The hobgoblin shouts!
You hear a shout!
You hear an angry hiss.
You hear a shout! x3
Unknown command.
You hit the wight but do no damage.
The wight is moderately damaged.
The wight hits your fulminant prism with a +0 flail.
The wight barely misses you. x3
The orc completely misses your fulminant prism.
Your fulminant prism crackles loudly.
Unknown command.
Unknown command.
You hit the wight but do no damage.
The wight is moderately damaged.
The orc hits your fulminant prism with a +0 flail!
Your fulminant prism explodes!
The blast of energy engulfs the orc!
You kill the orc!
The blast of energy engulfs the wight.
The wight is heavily damaged.
The blast of energy engulfs the wight!
You destroy the wight!
The wight hits you with a +3 hand axe of freezing!
The wight freezes you.
The wight hits you from afar with a +0 halberd!
You feel drained.
* * * LOW HITPOINT WARNING * * *
The wight hits you from afar with a +0 halberd.
* * * LOW HITPOINT WARNING * * *
You feel drained.
* * * LOW HITPOINT WARNING * * *
The wight closely misses you. x2
Your life force feels restored.
Your Alchemy skill increases to level 2!
Unknown command.
Unknown command.
Unknown command.
The wight completely misses you.
The wight hits you from afar with a +0 halberd!
You die...

.......<.......##
...........##...#
.......#..##.<..#
...)...#.###.....#
................##
................#
.##..##.........#
#.....z........
#..g.)z@...##...
...).hz..........
......z....#.##
...g......##
...........
......###...
...... .... ......
.....


You could see a hound, 4 wights, a hobgoblin and a goblin.

Vanquished Creatures
  Pargi (D:3)
  A wight (D:4)
  Jessica (D:2)
  Natasha (thrice) (D:3)
  6 adders
  A dart slug (D:3)
  3 ribbon worms
  2 orcs
  9 bats
  5 endoplasms
  4 giant cockroaches
  5 goblins
  6 hobgoblins
  A jackal (D:1)
  2 quokkas
  6 ball pythons
  4 frilled lizards
  6 kobolds
  7 rats
73 creatures vanquished.

Vanquished Creatures (others)
  5 fulminant prisms
5 creatures vanquished.

Grand Total: 78 creatures vanquished

Notes
Turn   | Place    | Note
-------+----------+-------------------------------------------
     0 | D:1      | hikkokomori the Deep Elf Conjurer began the quest for the
                  | Orb.
     0 | D:1      | Reached XP level 1. HP: 10/10 MP: 6/6
   146 | D:1      | Reached XP level 2. HP: 16/16 MP: 2/8
   416 | D:1      | Found a faded altar of an unknown god.
   453 | D:1      | Reached skill level 1 in Fighting
   575 | D:1      | Got the Discursus on the Undead
   825 | D:1      | Reached XP level 3. HP: 20/20 MP: 6/10
  1163 | D:2      | Noticed Jessica
  1184 | D:2      | Killed Jessica
  1185 | D:2      | Reached skill level 5 in Conjurations
  1185 | D:2      | Reached XP level 4. HP: 25/25 MP: 9/12
  1262 | D:2      | Found a basalt altar of Yredelemnul.
  1383 | D:2      | Found Ezih's Magic Scroll Shop.
  1393 | D:2      | Bought a scroll of identify for 28 gold pieces
  2160 | D:3      | Noticed a phantom
  2249 | D:3      | Reached XP level 5. HP: 30/30 MP: 8/13
  2263 | D:3      | Learned a level 4 spell: Dispel Undead
  2268 | D:3      | Learned a level 4 spell: Fulminant Prism
  2304 | D:3      | Noticed Pargi
  2314 | D:3      | Killed Pargi
  2315 | D:3      | Reached skill level 5 in Spellcasting
  2315 | D:3      | Reached skill level 1 in Necromancy
  2315 | D:3      | Reached skill level 1 in Alchemy
  2446 | D:3      | Noticed Natasha
  2450 | D:3      | Killed Natasha
  2483 | D:3      | Noticed Natasha
  2487 | D:3      | Killed Natasha
  2488 | D:3      | Reached XP level 6. HP: 36/36 MP: 10/15
  2668 | D:3      | Noticed Natasha
  2671 | D:3      | Killed Natasha
  2891 | D:4      | Mangled by a wight

Illustrated notes

Levels and vault maps discovered:
D:1:      wander_arrival_estate, layout_basic,
          hellmonk_ecumenical_altar_leap_of_faith, hangedman_decor_points,
          minmay_3d_cube
D:2:      layout_basic, serial_shops, shop, basic_altar, minmay_tripent,
          uniq_jessica
D:3:      layout_basic, uniq_natasha, uniq_pargi
D:4:      layout_cave_pools, trog_butcher_becter, minmay_temple_entry_arrows,
          minmay_rat_hole, uniq_ijyb

Skill      XL: |  1  2  3  4  5  6 |
---------------+-------------------+-----
Fighting       | 1 2 |  2.8
Spellcasting   | 4 5 |  5.5
Conjurations   | 5 |  5.3
Necromancy     | 1 2 |  2.3
Alchemy        | 1 2 |  2.1
Dodging        | |  2.4
Stealth        | |  2.4

Action                     |  1- 3 |  4- 6 || total
---------------------------+-------+-------++-------
  Melee: Rapier            |       |     4 ||     4
  Throw: Javelin           |       |     1 ||     1
   Cast: Magic Dart        |    53 |    89 ||   142
         Fulminant Prism   |       |     5 ||     5
    Use: Scroll            |       |     1 ||     1
 Armour: Robe              |     3 |    17 ||    20
  Dodge: Dodged            |       |    21 ||    21
